cohdb
Replays
Latest Replays
All Replays
Popular Replays
Top Player Replays
Match Explorer
How It Works
Community
CoH3 Stats
Reddit
Sign in to upload your games and track your stats! →
Sign in with Steam
Match 42547762
Unlisted
Match 42547762
Overview
Messages
Build Orders
End
Engineer Squad
Construct Barracks
1⁄4-ton 4x4 Truck
Riflemen Squad
Riflemen Squad
Riflemen Squad
Infantry Support Center
M1918 Browning Automatic Rifles
Selects Advanced Infantry Battlegroup
Selects Convert to Ranger Squad
Grenade Package
M1 Mortar Team
Convert to Ranger Squad
Construct Motor Pool
M8 Greyhound Armored Car
Selects Designate Assault Position
Selects Ranger Weapon Training
M1 Anti-tank Gun Team
Selects Artillery Observers
Advanced Logistics
Selects M2A1 105mm Howitzer Emplacement
M1 Anti-tank Gun Team
MonoChrome
Marzipan
余寶
綾目
0
0
Comments
sign in to comment!
No comments posted yet!